 Dungeon Sprint DCSS version 0.23.2-1-ga50397a6bc (webtiles) character file.

Game seed: 7793502627905468048

5154 Freyura the Thaumaturge (level 10, -2/66 HPs)
             Began as a Gnoll Wizard on May 29, 2019.
             Was a High Priest of Sif Muna.
             Slain by an unseen horror (12 damage)
             ... in the Dungeon (Sprint I: "Red Sonja").
             The game lasted 00:25:28 (2510 turns).

Freyura the Thaumaturge (Gnoll Wizard)              Turns: 2510, Time: 00:25:28

Health: -2/66      AC: -4    Str:  8    XL:     10   Next: 59%
Magic:  28/34      EV: 16    Int: 24    God:    Sif Muna [*****.]
Gold:   598        SH:  0    Dex: 11    Spells: 20/31 levels left

rFire    . . .     SeeInvis .   i - +0 dagger (distort)
rCold    . . .     Gourm    .   (no shield)
rNeg     . . .     Faith    .   o - +0 troll leather armour
rPois    .         Spirit   .   b - +0 hat
rElec    .         Reflect  .   (no cloak)
rCorr    .         Harm     .   (no gloves)
MR       .....     Rnd*Rage +   (no boots) Stlth ++++......NoTele +
                                (no amulet)
HPRegen  0.61/turn              n - ring of magical power
MPRegen  0.24/turn              (no ring)

@: corroded, berserk cooldown
A: distributed training, fangs 1, berserk 1, blurry vision 3, clumsy 1, deformed
body, frail 2, screaming 1, weak 1, no potion heal 1, strong nose
a: Divine Energy, Channel Magic, Forget Spell, Renounce Religion


You were in the Dungeon.
You worshipped Sif Muna.
Sif Muna was extremely pleased with you.
You were hungry.

You visited 1 branch You collected 1053 gold pieces.
You spent 455 gold pieces at shops.

Inventory:

Hand Weapons
 i - a +0 dagger of distortion (weapon)
Armour
 a - a +0 robe
 b - a +0 hat (worn)
 o - a +0 troll leather armour (worn)
Jewellery
 n - a ring of magical power (left hand)
Wands
 c - a wand of flame (21)
 g - a wand of iceblast (8)
 l - a wand of paralysis (7)
Scrolls
 j - a scroll of blinking
Potions
 e - 2 potions of flight {unknown}
 f - a potion of degeneration {unknown}
 h - 2 potions of magic
 k - 5 potions of curing
Comestibles
 m - 3 rations


   Skills:
 + Level 9.0 Fighting
 + Level 9.0 Short Blades
 + Level 9.0 Long Blades
 + Level 9.0 Axes
 + Level 9.0 Maces & Flails
 + Level 9.0 Polearms
 + Level 9.0 Staves
 + Level 9.0 Slings
 + Level 9.0 Bows
 + Level 9.0 Crossbows
 + Level 9.0 Throwing
 + Level 9.0 Armour
 + Level 10.1 Dodging
 + Level 9.9 Stealth
 + Level 9.0 Shields
 + Level 9.0 Unarmed Combat
 + Level 11.3 Spellcasting
 + Level 7.8 Conjurations
 + Level 7.5 Hexes
 + Level 7.5 Charms
 + Level 7.8 Summonings
 + Level 7.5 Necromancy
 + Level 7.8 Translocations
 + Level 7.5 Transmutations
 + Level 7.5 Fire Magic
 + Level 7.5 Ice Magic
 + Level 7.5 Air Magic
 + Level 7.5 Earth Magic
 + Level 7.5 Poison Magic
 + Level 9.8 Invocations
 + Level 9.0 Evocations


You had 20 spell levels left.
You knew the following spells:

 Your Spells              Type           Power        Failure   Level  Hunger
a - Magic Dart            Conj           ####         1%          1    None
b - Call Imp              Summ           ######..     1%          2    None
c - Conjure Flame         Conj/Fire      ######..     1%          3    None
d - Fireball              Conj/Fire      ######....   7%          5    ####...

Your spell library contained the following spells:

 Spells                   Type           Power        Failure   Level  Hunger
 Blink                    Tloc           N/A          1%          2    None
 Slow                     Hex            #####...     1%          2    None
 Mephitic Cloud           Conj/Pois/Air  ######..     1%          3    None
 Recall                   Summ/Tloc      N/A          1%          3    None


Dungeon Overview and Level Annotations

Branches:
Dungeon (1/1)

Altars:
Cheibriados
Dithmenos
Elyvilon
Fedhas
Gozag
Hepliaklqana
Kikubaaqudgha
Makhleb
Nemelex Xobeh
Okawaru
Qazlal
Ru
Sif Muna
Trog
Uskayaw
Vehumet
Wu Jian
Xom
Yredelemnul
Zin
The Shining One
Jiyva
Lugonu

Shops:
D %=![==[


Innate Abilities, Weirdness & Mutations

Your experience applies equally to all skills.
You have very sharp teeth.
Your uncanny sense of smell can sniff out nearby items.
You tend to lose your temper in combat.
Scrolls take you much longer to read.
You are clumsy. (Dex -2)
Armour fits poorly on your strangely shaped body.
You are very frail. (-20% HP)
You occasionally shout uncontrollably at your foes.
You are weak. (Str -2)
Potions are less effective at restoring your health.


Message History

2 necrophages come into view.
Something hits you!
Your shadow imp hits the jelly.
Your shadow imp is burned by acid!
Your crimson imp blinks!
The jelly barely misses your shadow imp.
Your white imp hits the jelly.
Your white imp freezes the jelly.
Your white imp is burned by acid!
Found a scroll labeled DIUCSASCH GUYTI and 492 gold pieces.
Something hits you!
* * * LOW HITPOINT WARNING * * *
Your shadow imp barely misses the jelly.
Your crimson imp blinks!
The jelly hits your shadow imp but does no damage.
Your white imp gestures at the jelly.
The puff of frost hits the jelly.
The jelly dies!
Sif Muna accepts your kill.
You closely miss something. Something hits you.
* * * LOW HITPOINT WARNING * * *
You barely miss something. Something hits you!
You die...

_..__##_(#'##'#####'###
_____###'#(#.§.(###.'.#
########.####'###(###.#
......'...'.....'.∩##.#
'''####...###########§# ∆∆
....####.###.. #§# ∆ ∆∆∆
.....#.#'#.#... +.# ∆∆∆
.....#.....#++.######§#∆∆
∆∆∆
.....#.[)."#....@§..#§# ∆∆
..#..#######J....55#§§#∆∆∆
.....# ∆∆nn.....§§≈####∆
.....# ∆∆n.......≈≈# ∆∆∆
.....# .....5≈≈≈## ∆∆
'''### #..≈≈≈≈### ∆ ....∩#
+###### ∆∆∆∆∆ .....#
....∩#


You could see 3 necrophages, a jelly (sleeping), a friendly crimson imp, a
friendly white imp and a friendly shadow imp.

Vanquished Creatures
  2 centaur warriors (D)
  A deep troll (D)
  An oklob plant (D)
  2 shining eyes (D)
  A hornet (D)
  2 redbacks (D)
  A yak (D)
  2 floating eyes (D)
  4 jellies (D)
  Ijyb (D)
  2 ballistomycetes (D)
  A ballistomycete spore (D)
20 creatures vanquished.

Vanquished Creatures (collateral kills)
  Sonja (D)
  2 shining eyes (D)
  A slime creature (D)
  Sigmund (D)
  A floating eye (D)
  An ogre (D)
  A jelly (D)
8 creatures vanquished.

Vanquished Creatures (others)
  3 shining eyes (D)
  A gargoyle (D)
  A floating eye (D)
  A ballistomycete spore (D)
6 creatures vanquished.

Grand Total: 34 creatures vanquished

Notes
Turn   | Place    | Note
-------+----------+-------------------------------------------
     0 | D        | Freyura the Gnoll Wizard began the quest for the Orb.
     0 | D        | Reached XP level 1. HP: 13/13 MP: 8/8
     3 | D        | Noticed Ijyb
     9 | D        | Killed Ijyb
     9 | D        | Reached skill level 1 in Fighting
     9 | D        | Reached skill level 1 in Short Blades
     9 | D        | Reached skill level 1 in Long Blades
     9 | D        | Reached skill level 1 in Axes
     9 | D        | Reached skill level 1 in Maces & Flails
     9 | D        | Reached skill level 1 in Polearms
     9 | D        | Reached skill level 1 in Staves
     9 | D        | Reached skill level 1 in Slings
     9 | D        | Reached skill level 1 in Bows
     9 | D        | Reached skill level 1 in Crossbows
     9 | D        | Reached skill level 1 in Throwing
     9 | D        | Reached skill level 1 in Armour
     9 | D        | Reached skill level 1 in Shields
     9 | D        | Reached skill level 1 in Unarmed Combat
     9 | D        | Reached skill level 1 in Hexes
     9 | D        | Reached skill level 1 in Charms
     9 | D        | Reached skill level 1 in Necromancy
     9 | D        | Reached skill level 1 in Transmutations
     9 | D        | Reached skill level 1 in Fire Magic
     9 | D        | Reached skill level 1 in Ice Magic
     9 | D        | Reached skill level 1 in Air Magic
     9 | D        | Reached skill level 1 in Earth Magic
     9 | D        | Reached skill level 1 in Poison Magic
     9 | D        | Reached skill level 1 in Invocations
     9 | D        | Reached skill level 1 in Evocations
     9 | D        | Reached XP level 2. HP: 15/21 MP: 10/10
   160 | D        | Learned a level 2 spell: Call Imp
   172 | D        | Noticed an ogre
   176 | D        | Killed an ogre
   176 | D        | Reached skill level 5 in Dodging
   176 | D        | Reached XP level 3. HP: 28/28 MP: 2/12
   176 | D        | Reached XP level 4. HP: 34/34 MP: 2/13
   273 | D        | Noticed Sigmund
   346 | D        | Killed Sigmund
   346 | D        | Reached skill level 5 in Stealth
   346 | D        | Reached skill level 8 in Spellcasting
   346 | D        | Reached XP level 5. HP: 8/42 MP: 8/15
   624 | D        | Found an ornate altar of the Wu Jian Council.
   624 | D        | Found a deep blue altar of Sif Muna.
   626 | D        | Found a radiant altar of Vehumet.
   630 | D        | Became a worshipper of Sif Muna the Loreminder
   690 | D        | Found Xisuq's Antique Armour Emporium.
   690 | D        | Found an ancient bone altar of Kikubaaqudgha.
   690 | D        | Found a hazy altar of Hepliaklqana.
   690 | D        | Found a stormy altar of Qazlal.
   690 | D        | Found a hide-covered altar of Uskayaw.
   690 | D        | Found a blossoming altar of Fedhas.
   690 | D        | Found a bloodstained altar of Trog.
   690 | D        | Found an iron altar of Okawaru.
   690 | D        | Found a basalt altar of Yredelemnul.
   690 | D        | Found a glowing golden altar of the Shining One.
   690 | D        | Found a snail-covered altar of Cheibriados.
   690 | D        | Found a sacrificial altar of Ru.
   690 | D        | Found a glowing silver altar of Zin.
   690 | D        | Found a shadowy altar of Dithmenos.
   690 | D        | Found a white marble altar of Elyvilon.
   690 | D        | Noticed a yak
   700 | D        | Killed a yak
   700 | D        | Reached * piety under Sif Muna
   700 | D        | Reached skill level 5 in Invocations
   700 | D        | Reached XP level 6. HP: 12/49 MP: 5/17
   703 | D        | Found an opulent altar of Gozag.
   704 | D        | Found a sparkling altar of Nemelex Xobeh.
   770 | D        | Killed a gargoyle
   936 | D        | Noticed Sonja
   941 | D        | Killed Sonja
   941 | D        | Reached skill level 5 in Fighting
   941 | D        | Reached skill level 5 in Short Blades
   941 | D        | Reached skill level 5 in Long Blades
   941 | D        | Reached skill level 5 in Axes
   941 | D        | Reached skill level 5 in Maces & Flails
   941 | D        | Reached skill level 5 in Polearms
   941 | D        | Reached skill level 5 in Staves
   941 | D        | Reached skill level 5 in Slings
   941 | D        | Reached skill level 5 in Bows
   941 | D        | Reached skill level 5 in Crossbows
   941 | D        | Reached skill level 5 in Throwing
   941 | D        | Reached skill level 5 in Armour
   941 | D        | Reached skill level 5 in Shields
   941 | D        | Reached skill level 5 in Unarmed Combat
   941 | D        | Reached skill level 9 in Spellcasting
   941 | D        | Reached skill level 5 in Conjurations
   941 | D        | Reached skill level 5 in Summonings
   941 | D        | Reached skill level 5 in Translocations
   941 | D        | Reached skill level 5 in Evocations
   941 | D        | Reached XP level 7. HP: 44/56 MP: 11/19
  1136 | D        | Learned a level 3 spell: Conjure Flame
  1136 | D        | Noticed a deep troll
  1157 | D        | Killed a deep troll
  1157 | D        | Reached ** piety under Sif Muna
  1157 | D        | Reached skill level 5 in Hexes
  1157 | D        | Reached skill level 5 in Charms
  1157 | D        | Reached skill level 5 in Necromancy
  1157 | D        | Reached skill level 5 in Transmutations
  1157 | D        | Reached skill level 5 in Fire Magic
  1157 | D        | Reached skill level 5 in Ice Magic
  1157 | D        | Reached skill level 5 in Air Magic
  1157 | D        | Reached skill level 5 in Earth Magic
  1157 | D        | Reached skill level 5 in Poison Magic
  1157 | D        | Reached XP level 8. HP: 14/65 MP: 6/21
  1424 | D        | Found Dijeahot's Armour Emporium.
  1455 | D        | Found Ytium's Food Boutique.
  1463 | D        | Bought a ration for 65 gold pieces
  1463 | D        | Bought a ration for 65 gold pieces
  1463 | D        | Bought a ration for 65 gold pieces
  1490 | D        | Found a burning altar of Makhleb.
  1490 | D        | Found a viscous altar of Jiyva.
  1490 | D        | Found a shimmering altar of Xom.
  1490 | D        | Found a corrupted altar of Lugonu.
  1490 | D        | Noticed a slime creature
  1505 | D        | Killed a slime creature
  1899 | D        | Noticed a shining eye
  1899 | D        | Noticed a shining eye
  1899 | D        | Noticed a shining eye
  1899 | D        | Noticed a shining eye
  1899 | D        | Noticed a shining eye
  1899 | D        | Noticed a shining eye
  1900 | D        | Gained mutation: You are weak. (Str -2) [a shining eye]
  1906 | D        | Paralysed by a floating eye for 2 turns
  1908 | D        | Gained mutation: You occasionally shout uncontrollably at
                  | your foes. [a shining eye]
  1915 | D        | Paralysed by a floating eye for 4 turns
  1919 | D        | Killed a shining eye
  1919 | D        | Reached *** piety under Sif Muna
  1925 | D        | Paralysed by a floating eye for 4 turns
  1932 | D        | Paralysed by a floating eye for 4 turns
  1932 | D        | Gained mutation: You are frail. (-10% HP) [a shining eye]
  1934 | D        | Gained mutation: Scrolls take you a little longer to read.
                  | [a shining eye]
  1939 | D        | Killed a shining eye
  1939 | D        | Reached skill level 10 in Spellcasting
  1939 | D        | Reached XP level 9. HP: 64/64 MP: 21/23
  1940 | D        | Gained mutation: Armour fits poorly on your strangely
                  | shaped body. [a shining eye]
  1951 | D        | Gained mutation: You are clumsy. (Dex -2) [a shining eye]
  1952 | D        | Paralysed by a floating eye for 2 turns
  1953 | D        | Gained mutation: You are very frail. (-20% HP) [a shining
                  | eye]
  1956 | D        | Noticed a shining eye
  1956 | D        | Noticed a shining eye
  1957 | D        | Gained mutation: You tend to lose your temper in combat. [a
                  | shining eye]
  1974 | D        | Killed a shining eye
  1978 | D        | Gained mutation: Scrolls take you longer to read. [a
                  | shining eye]
  1982 | D        | Gained mutation: Scrolls take you much longer to read. [a
                  | shining eye]
  1985 | D        | Gained mutation: Potions are less effective at restoring
                  | your health. [a shining eye]
  1988 | D        | Killed a shining eye
  1988 | D        | Reached **** piety under Sif Muna
  1991 | D        | Killed a shining eye
  2035 | D        | Killed a shining eye
  2073 | D        | Killed a shining eye
  2176 | D        | Found Fiuw's Jewellery Shop.
  2176 | D        | Found Sucawoc's Jewellery Shoppe.
  2176 | D        | Found Nosavo's Jewellery Boutique.
  2176 | D        | Found Xyisotw Xato's Distillery.
  2204 | D        | Bought an uncursed ring of magical power for 260 gold
                  | pieces
  2246 | D        | Noticed a centaur warrior
  2246 | D        | Noticed a centaur warrior
  2249 | D        | Killed a centaur warrior
  2249 | D        | Reached ***** piety under Sif Muna
  2249 | D        | Identified Sif Muna's Reference Book on Calling and Battle
                  | Magic (Sif Muna gifted it to you in the Dungeon)
  2249 | D        | Received a gift from Sif Muna
  2249 | D        | Reached XP level 10. HP: 64/64 MP: 24/24
  2263 | D        | Killed a centaur warrior
  2263 | D        | Reached skill level 11 in Spellcasting
  2280 | D        | Learned a level 5 spell: Fireball
  2448 | D        | Noticed an oklob plant
  2450 | D        | Killed an oklob plant
  2450 | D        | Reached skill level 10 in Dodging
  2510 | D        | Slain by an unseen horror

Skill      XL: |  1  2  3  4  5  6  7  8  9 10 |
---------------+-------------------------------+-----
Fighting       | 1 2 3 4 5 6 7 8 9 |  9.0
Short Blades   | 1 2 3 4 5 6 7 8 9 |  9.0
Long Blades    | 1 2 3 4 5 6 7 8 9 |  9.0
Axes           | 1 2 3 4 5 6 7 8 9 |  9.0
Maces & Flails | 1 2 3 4 5 6 7 8 9 |  9.0
Polearms       | 1 2 3 4 5 6 7 8 9 |  9.0
Staves         | 1 2 3 4 5 6 7 8 9 |  9.0
Slings         | 1 2 3 4 5 6 7 8 9 |  9.0
Bows           | 1 2 3 4 5 6 7 8 9 |  9.0
Crossbows      | 1 2 3 4 5 6 7 8 9 |  9.0
Throwing       | 1 2 3 4 5 6 7 8 9 |  9.0
Armour         | 1 2 3 4 5 6 7 8 9 |  9.0
Shields        | 1 2 3 4 5 6 7 8 9 |  9.0
Unarmed Combat | 1 2 3 4 5 6 7 8 9 |  9.0
Conjurations   | 2 3 4 5 6 7 |  7.8
Hexes          | 1 2 3 4 5 6 7 |  7.5
Charms         | 1 2 3 4 5 6 7 |  7.5
Summonings     | 2 3 4 5 6 7 |  7.8
Necromancy     | 1 2 3 4 5 6 7 |  7.5
Translocations | 2 3 4 5 6 7 |  7.8
Transmutations | 1 2 3 4 5 6 7 |  7.5
Fire Magic     | 1 2 3 4 5 6 7 |  7.5
Ice Magic      | 1 2 3 4 5 6 7 |  7.5
Air Magic      | 1 2 3 4 5 6 7 |  7.5
Earth Magic    | 1 2 3 4 5 6 7 |  7.5
Poison Magic   | 1 2 3 4 5 6 7 |  7.5
Invocations    | 1 2 4 5 6 7 9 |  9.8
Evocations     | 1 2 3 4 5 6 7 8 9 |  9.0
Dodging        | 5 6 7 8 9 10 | 10.1
Stealth        | 5 6 7 8 9 |  9.9
Spellcasting   | 8 9 10 11 | 11.3

Action                   |  1- 3 |  4- 6 |  7- 9 | 10-12 || total
-------------------------+-------+-------+-------+-------++-------
Melee: Unarmed           |     4 |    16 |       |       ||    20
       Bite              |     1 |     1 |     4 |     2 ||     8
       Dagger            |       |       |    49 |    30 ||    79
       Punch             |       |       |     4 |       ||     4
 Cast: Call Imp          |     3 |    10 |     7 |     5 ||    25
       Magic Dart        |     2 |    15 |    29 |     5 ||    51
       Conjure Flame     |       |       |     2 |       ||     2
  Use: Potion            |     1 |     3 |       |     1 ||     5
 Stab: Sleeping          |       |       |     1 |     3 ||     4
       Distracted        |       |       |     1 |       ||     1
  Eat: Ration            |       |       |     1 |       ||     1
       Chunk             |       |       |       |     1 ||     1
Armor: Robe              |       |     2 |     1 |       ||     3
       Troll leather arm |       |       |       |     4 ||     4
Dodge: Dodged            |     2 |    13 |     5 |    16 ||    36
